 Dungeon Crawl Stone Soup version 0.22.1-1-ga44c0e56f4 (webtiles) character file.

136 PikkenKukken the Grave Robber (level 5, 0/45 HPs)
             Began as an Ogre Necromancer on Oct 1, 2018.
             Succumbed to Robin's poison
             ... on level 2 of the Dungeon.
             The game lasted 00:14:14 (5060 turns).

PikkenKukken the Grave Robber (Ogre Necromancer)    Turns: 5060, Time: 00:14:14

Health: 0/45       AC:  3    Str: 12    XL:     5   Next: 19%
Magic:  1/8        EV: 10    Int: 17    God:
Gold:   98         SH:  0    Dex:  9    Spells: 3/8 levels left

rFire    . . .     SeeInvis .   q - +0 whip
rCold    . . .     Gourm    .   (no shield)
rNeg     . . .     Faith    .   a - +0 robe
rPois    .         Spirit   .   (helmet restricted)
rElec    .         Reflect  .   o - scarf {repulsion}
rCorr    .         Harm     .   (gloves unavailable)
MR       .....                  (boots unavailable)
Stlth    +.........             (no amulet)
HPRegen  1.15/turn              e - ring of wizardry
MPRegen  0.11/turn              (no ring)

@: lethally poisoned (0 -> -8), regenerating, repel missiles
A: large, unfitting armour, tough skin 1
a: no special abilities


You were on level 2 of the Dungeon.
You were hungry.

You visited 1 branch of the dungeon, and saw 3 of its levels.

You collected 98 gold pieces.

Inventory:

Hand Weapons
 q - a +0 whip (weapon)
Missiles
 d - 2 tomahawks
 f - 75 stones (quivered)
 i - a throwing net
Armour
 a - a +0 robe (worn)
 g - a +0 shield
 o - a scarf of repulsion (worn)
Jewellery
 e - a ring of wizardry (left hand)
Scrolls
 k - a scroll of fear
 n - 3 scrolls of remove curse
Potions
 b - a potion of might
 h - a potion of resistance {unknown}
 l - 2 potions of curing
 m - a potion of invisibility {unknown}
 p - a potion of cancellation {unknown}
Comestibles
 c - 5 rations
 j - 3 chunks of flesh


   Skills:
 - Level 0.5 Maces & Flails
 + Level 2.0 Throwing
 - Level 2.1 Dodging
 - Level 1.4 Stealth
 - Level 2.4 Spellcasting
 * Level 5.1 Necromancy


You had 3 spell levels left.
You knew the following spells:

 Your Spells              Type           Power        Failure   Level  Hunger
a - Pain                  Necr           ###.         1%          1    #......
b - Animate Skeleton      Necr           N/A          1%          1    #......
c - Regeneration          Chrm/Necr      ##........   8%          3    ###....

Your spell library contained the following spells:

 Spells                   Type           Power        Failure   Level  Hunger
 Vampiric Draining        Necr           ###.......   2%          3    ###....
 Confusing Touch          Hex            #.....       8%          1    #......
 Confuse                  Hex            #.......     22%         3    ###....
 Gell's Gravitas          Tloc           #.........   22%         3    ###....
 Animate Dead             Necr           N/A          9%          4    #####..
 Petrify                  Tmut/Erth      #.......     56%         4    #####..
 Metabolic Englaciation   Hex/Ice        #.........   87%         5    ######.
 Yara's Violent Unravell  Hex/Tmut       #.........   87%         5    ######.


Dungeon Overview and Level Annotations

Branches:
Dungeon (3/15)

Altars:
Dithmenos
Hepliaklqana
Wu Jian

Annotations:
D:2 Robin


Innate Abilities, Weirdness & Mutations

You are too large for most types of armour.
You have tough skin. (AC +1)


Message History

You kill the hobgoblin!
You feel sick. Robin hits you with a dagger of venom.
* * * LOW HITPOINT WARNING * * *
You are more poisoned.
The goblin hits you with a dagger.
* * * LOW HITPOINT WARNING * * *
Your goblin skeleton closely misses Robin.
You barely miss the goblin.
You feel very sick. Robin hits you but does no damage.
You are lethally poisoned!
Your goblin skeleton hits Robin.
The goblin misses you.
Your goblin skeleton hits Robin.
* * * LOW HITPOINT WARNING * * *
You feel sick. The goblin hits you with a dagger.
* * * LOW HITPOINT WARNING * * *
Casting: Pain (safe; 1% risk of failure)
Confirm with . or Enter, or press ? or * to list all spells.
Your skin crawls.
You die...

#..#.###..............#.....(..
####.#................#........
#....................#........
#.#.#.#...................#...
#.#.#.####....................
#.#.#.# #.#.............##...
#.#.#.# #..............#.....
#.#.#.# #......Z...#...#.####
#.#.#.####...@gZ>...###.#.##..
#.#.#........g##).......#.##..
#.#.###.......##....#.....##..
#.#..........##....#......##..
#.#####.......#....#..........
#.# ##......................
#.# #...............##..... #.#
####............##..... #.#
######............##.....


You could see Robin, a goblin and 2 friendly goblin skeletons.

Vanquished Creatures
  A worker ant (D:2)
  3 adders (D:2)
  A worm (D:3)
  2 dart slugs
  3 leopard geckos (D:1)
  3 orcs (D:3)
  2 ball pythons
  4 bats
  4 giant cockroaches
  17 goblins
  6 hobgoblins
  3 jackals (D:1)
  A quokka (D:3)
  2 frilled lizards
  6 kobolds
  8 rats
66 creatures vanquished.

Vanquished Creatures (collateral kills)
  An adder (D:3)
  A kobold (D:3)
  2 goblins (D:2)
4 creatures vanquished.

Grand Total: 70 creatures vanquished

Notes
Turn   | Place    | Note
-------+----------+-------------------------------------------
     0 | D:1      | PikkenKukken the Ogre Necromancer began the quest for the
                  | Orb.
     0 | D:1      | Reached XP level 1. HP: 16/16 MP: 3/3
   354 | D:1      | Reached XP level 2. HP: 20/24 MP: 5/5
   357 | D:1      | Learned a level 1 spell: Animate Skeleton
   651 | D:1      | Reached skill level 4 in Necromancy
  1239 | D:1      | Found a shadowy altar of Dithmenos.
  1299 | D:1      | Reached XP level 3. HP: 31/31 MP: 2/6
  1347 | D:1      | Learned a level 3 spell: Regeneration
  2530 | D:2      | Reached skill level 1 in Throwing
  2700 | D:2      | Reached XP level 4. HP: 36/39 MP: 2/7
  3540 | D:2      | Found a hazy altar of Hepliaklqana.
  3540 | D:2      | Found an ornate altar of the Wu Jian Council.
  4152 | D:3      | Reached skill level 5 in Necromancy
  4436 | D:3      | Reached XP level 5. HP: 45/45 MP: 8/8
  4517 | D:3      | Noticed Robin
  5059 | D:2      | HP: 2/45 [goblin/dagger[Robin] (4)]
  5060 | D:2      | Succumbed to Robin's poison

Skill      XL: |  1  2  3  4  5 |
---------------+----------------+-----
Dodging        | 2 |  2.1
Necromancy     | 4 5 |  5.1
Throwing       | 1 2 |  2.0
Maces & Flails | |  0.5
Stealth        | |  1.4
Spellcasting   | |  2.4

Action                   |  1- 3 |  4- 6 || total
-------------------------+-------+-------++-------
Melee: Club              |    88 |    64 ||   152
       Whip              |       |    31 ||    31
Throw: Stone             |    11 |    12 ||    23
       Throwing net      |       |     2 ||     2
 Cast: Pain              |    42 |    37 ||    79
       Animate Skeleton  |     1 |    10 ||    11
       Regeneration      |       |     9 ||     9
  Use: Scroll            |     2 |     2 ||     4
       Potion            |     2 |       ||     2
 Stab: Distracted        |       |     1 ||     1
  Eat: Chunk             |     5 |     6 ||    11
       Ration            |       |     1 ||     1
Armor: Robe              |    25 |    41 ||    66
Dodge: Dodged            |    64 |   101 ||   165
       Deflected         |       |     3 ||     3
Block: Shield            |     6 |       ||     6
